 Dungeon Crawl Stone Soup version 0.27.1-33-g824d729ab1 (webtiles) character file.

Game seed: 15229921183863172452

2216 sking99 the Grappler (level 9, 0/74 HPs)
             Began as a Ghoul Brigand on Dec 8, 2021.
             Was an Elder of Lugonu.
             Slain by an orc warrior (18 damage)
             ... in the Ecumenical Temple.
             The game lasted 00:18:14 (9297 turns).

sking99 the Grappler (Ghoul Brigand)                Turns: 9297, Time: 00:18:14

Health: 0/74       AC: 11    Str: 18    XL:     9   Next: 35%
Magic:  12/12      EV: 11    Int:  6    God:    Lugonu [****..]
Gold:   255        SH:  0    Dex: 10    Spells: 8/8 levels left

rFire    . . .     SeeInvis .     - Unarmed
rCold    + . .     Faith    .   (no shield)
rNeg     + + +     Spirit   .   s - +0 chain mail
rPois    ∞         Reflect  .   (no helmet)
rElec    .         Harm     .   c - +1 cloak
rCorr    .         Rampage  .   (no gloves)
Will     .....                  t - +0 pair of boots
Stlth    ..........             (no amulet)
HPRegen  0.00/turn              x - +4 ring of evasion
MPRegen  0.13/turn              (no ring)

@: inhibited regen
A: claws 1, cold resistance 1, negative energy resistance 3, inhibited
regeneration, torment resistance 2
a: Renounce Religion, Depart the Abyss, Bend Space, Banish, Corrupt


You were in the Ecumenical Temple.
You worshipped Lugonu.
Lugonu was greatly pleased with you.
You visited 2 branches of the dungeon, and saw 9 of its levels.

You collected 255 gold pieces.

Inventory:

Hand Weapons
 a - a +2 dagger
 v - a +1 dagger of distortion
Missiles
 d - 24 poisoned darts (quivered)
 e - 4 curare-tipped darts
Armour
 c - a +1 cloak (worn)
 s - a +0 chain mail (worn)
 t - a +0 pair of boots (worn)
Jewellery
 x - a +4 ring of evasion (left claw)
Wands
 m - a wand of polymorph (5)
Potions
 f - 5 potions of curing
 g - a potion of flight {unknown}
 h - a potion of might {unknown}
 j - a potion of magic
 l - a potion of resistance {unknown}
 o - a potion of brilliance {unknown}
 p - 2 potions of haste {unknown}
 q - 4 potions of heal wounds {unknown}
 r - a potion of cancellation {unknown}


   Skills:
 - Level 5.0 Fighting
 - Level 1.7 Short Blades
 - Level 5.0 Throwing
 + Level 2.0 Armour
 - Level 0.8 Dodging
 - Level 4.3 Stealth
 * Level 9.0 Unarmed Combat
 + Level 5.5 Invocations


You had 8 spell levels left.
You didn't know any spells.
Your spell library contained the following spells:

 Spells                   Type           Power      Damage    Failure   Level
 Foxfire                  Conj/Fire      0%         2x1d4     100%        1
 Conjure Flame            Conj/Fire      0%         6-21      100%        3
 Inner Flame              Hex/Fire       0%         N/A       100%        3
 Summon Lightning Spire   Summ/Air       0%         N/A       100%        4
 Maxwell's Capacitive Co  Air            0%         ∞         100%        8
 Storm Form               Tmut/Air       Unusable   N/A       N/A         7

Dungeon Overview and Level Annotations

Branches:
Dungeon (8/15)             Temple (1/1) D:7
   Lair: D:8-11

Altars:
Ashenzari
Fedhas
Gozag
Hepliaklqana
Kikubaaqudgha
Makhleb
Okawaru
Trog
Xom
Zin
Lugonu

Annotations:
Abyss:1 Duvessa, Grinder


Innate Abilities, Weirdness & Mutations

You thrive by killing the living.
You are immune to poison.
You have sharp fingernails.
Your flesh is cold resistant. (rC+)
You are immune to negative energy. (rN+++)
You do not regenerate when monsters are visible.
You are immune to unholy pain and torment.


Message History

You scratch the orc warrior but do no damage.
The bullfrog skeleton hits you but does no damage.
The orc priest casts a cantrip, but nothing happens.
The gnoll hits you with a +0 flail.
The bullfrog skeleton barely misses you.
The orc warrior hits you with a +0 flail!
The gnoll hits you with a +0 flail.
The bullfrog skeleton hits you but does no damage.
The orc warrior closely misses you.
You climb downwards.
Welcome to the Ecumenical Temple!
There is a staircase back to the Dungeon here.
You scratch the gnoll but do no damage. The gnoll hits you but does no damage.
You barely miss the gnoll. You claw the gnoll.
The gnoll is heavily wounded.
The orc warrior barely misses you. The gnoll misses you.
You closely miss the gnoll. You claw the gnoll, but do no damage.
The gnoll is heavily wounded.
The orc warrior misses you. The gnoll hits you but does no damage.
Your chain mail prevents you from hitting the gnoll.
The gnoll is heavily wounded.
The orc warrior hits you with a +0 flail!
You scratch the gnoll.
The gnoll is almost dead.
The gnoll hits you but does no damage.
The orc warrior hits you but does no damage.
You scratch the gnoll but do no damage.
The gnoll is almost dead.
The gnoll hits you with a +0 flail.
The orc warrior hits you with a +0 flail.
You scratch the gnoll.
You kill the gnoll!
Lugonu accepts your kill.
You feel better.
You closely miss the orc warrior. The orc warrior closely misses you.
You scratch the orc warrior but do no damage.
The orc warrior hits you with a +0 flail!
* * * LOW HITPOINT WARNING * * *
You closely miss the orc warrior.
The orc warrior hits you with a +0 flail!!
You die...

#######
..#....P#
......o@#
.....≈)P#
#########


You could see an orc warrior.

Vanquished Creatures
  Edmund (D:3)
  A water moccasin (D:6)
  An ogre (D:6)
  3 necrophages
  A scorpion (D:5)
  2 kobold brigands
  Dowan (D:6)
  8 wights
  A bullfrog zombie (D:5)
  4 orc priests
  3 hounds
  2 bullfrog skeletons
  4 jellies
  4 iguanas
  Jessica (D:3)
  An orc wizard (D:6)
  A hound skeleton (D:4)
  5 gnolls
  4 adders
  A shadow imp (D:6)
  3 ufetubi
  2 adder skeletons (D:4)
  3 worms
  2 dart slugs
  14 orcs
  7 ball pythons
  2 bats
  4 endoplasms
  8 goblins
  4 hobgoblins
  4 jackals (D:1)
  12 kobolds
  4 quokkas
  3 frilled lizards
  7 rats
128 creatures vanquished.

Notes
Turn   | Place    | Note
-------+----------+-------------------------------------------
     0 | D:1      | sking99 the Ghoul Brigand began the quest for the Orb.
     0 | D:1      | Reached XP level 1. HP: 17/17 MP: 0/0
   208 | D:1      | Reached skill level 1 in Unarmed Combat
   223 | D:1      | Reached XP level 2. HP: 25/25 MP: 1/1
   907 | D:1      | Found a faded altar of an unknown god.
  1131 | D:1      | Became a worshipper of Lugonu the Unformed
  1131 | D:1      | Reached * piety under Lugonu
  1131 | D:1      | Reached ** piety under Lugonu
  1187 | D:2      | Reached XP level 3. HP: 27/30 MP: 2/2
  1211 | D:2      | Reached skill level 2 in Unarmed Combat
  1621 | D:2      | Found a bloodstained altar of Trog.
  2055 | D:3      | Noticed a kobold brigand
  2090 | D:2      | HP: 1/30 [kobold brigand (5)]
  2420 | D:2      | HP: 1/30 [kobold brigand (5)]
  2421 | D:2      | Killed a kobold brigand
  2422 | D:2      | Reached skill level 3 in Unarmed Combat
  2422 | D:2      | Reached XP level 4. HP: 1/38 MP: 3/3
  2764 | D:3      | Found a broken altar of Ashenzari.
  2766 | D:3      | Found a shimmering altar of Xom.
  2767 | D:3      | Found a blossoming altar of Fedhas.
  2797 | D:3      | Reached XP level 5. HP: 40/45 MP: 4/4
  2834 | D:3      | Found an ancient bone altar of Kikubaaqudgha.
  2835 | D:3      | Found an iron altar of Okawaru.
  3073 | D:3      | Found a burning altar of Makhleb.
  3262 | D:3      | Noticed Jessica
  3268 | D:3      | Killed Jessica
  3269 | D:3      | Reached skill level 1 in Invocations
  3714 | D:4      | Noticed Edmund
  3989 | D:3      | Killed Edmund
  3990 | D:3      | Reached skill level 4 in Unarmed Combat
  3990 | D:3      | Reached XP level 6. HP: 21/52 MP: 4/6
  4335 | D:4      | Reached *** piety under Lugonu
  4684 | D:4      | Noticed a necrophage
  4697 | D:4      | Killed a necrophage
  4698 | D:4      | Reached skill level 5 in Unarmed Combat
  4698 | D:4      | Reached XP level 7. HP: 40/59 MP: 7/7
  5332 | D:5      | Entered Level 5 of the Dungeon
  5852 | D:5      | Found a hazy altar of Hepliaklqana.
  5998 | D:5      | Reached skill level 6 in Unarmed Combat
  6182 | D:5      | Reached XP level 8. HP: 67/67 MP: 9/9
  6708 | D:6      | Reached skill level 5 in Fighting
  7055 | D:6      | Reached **** piety under Lugonu
  7297 | D:6      | Noticed Grinder
  7306 | D:6      | Paralysed by Grinder for 4 turns
  7320 | D:6      | Banished Grinder
  7321 | D:6      | Reached skill level 7 in Unarmed Combat
  7410 | D:6      | Found an opulent altar of Gozag.
  7605 | D:6      | Reached skill level 5 in Throwing
  7605 | D:6      | Reached skill level 8 in Unarmed Combat
  7619 | D:6      | Reached XP level 9. HP: 34/74 MP: 11/11
  7994 | D:6      | Reached skill level 5 in Invocations
  8002 | D:6      | Reached skill level 1 in Armour
  8258 | D:6      | Noticed Dowan
  8262 | D:6      | Noticed Duvessa
  8264 | D:6      | Killed Dowan
  8265 | D:6      | Banished Duvessa
  9090 | D:7      | Found a staircase to the Ecumenical Temple.
  9128 | D:7      | Reached skill level 9 in Unarmed Combat
  9287 | Temple   | Entered the Ecumenical Temple
  9297 | Temple   | Slain by an orc warrior

Illustrated notes

Levels and vault maps discovered:
D:1:      elethiomel_arrival_infinity_welcomes_careful_drivers, layout_basic,
          basic_ecumenical_altar
D:2:      layout_rooms, basic_altar
D:3:      layout_rooms, grunt_temple_overflow_open, general_overflow_altar,
          amcnicky_mini_corridor_feature, minmay_parallelograms,
          guppyfry_early_lair_pool, uniq_jessica
D:4:      layout_basic, st_stairs_3, uniq_edmund
D:5:      layout_basic, mainiacjoe_overflow_24_doors, kennysheep_little_box,
          minmay_misc_feat_tower, kennysheep_generic_room_13
D:6:      layout_loops_ring, grunt_gozag_statues, portal_sewer_entry_d,
          roderic_three_in_a_row, uniq_grinder, uniq_duvessa
D:7:      layout_cave_pods, minmay_temple_entry_arrows
D:8:      layout_cave_pools, kennysheep_ying_yang,
          mainiacjoe_overflow_catwalk_spiral, overflow_temple_1_default
Temple:   corrupted_temple

Skill      XL: |  1  2  3  4  5  6  7  8  9 |
---------------+----------------------------+-----
Unarmed Combat | 1 3 4 5 6 8 9 |  9.0
Throwing       | 2 3 4 5 |  5.0
Fighting       | 3 4 5 |  5.0
Invocations    | 1 2 3 4 5 |  5.5
Armour         | 2 |  2.0
Short Blades   | |  1.7
Dodging        | |  0.8
Stealth        | |  4.3

Action                   |  1- 3 |  4- 6 |  7- 9 || total
-------------------------+-------+-------+-------++-------
Melee: Dagger            |    10 |       |       ||    10
       Unarmed           |   145 |   135 |   340 ||   620
       Punch             |     2 |     3 |     5 ||    10
Throw: Dart              |     4 |     6 |     7 ||    17
Invok: Banish            |       |       |     2 ||     2
  Use: Scroll            |       |       |    11 ||    11
 Stab: Sleeping          |     3 |       |       ||     3
Armor: Robe              |    14 |       |       ||    14
       Scale mail        |    41 |    35 |       ||    76
       Chain mail        |       |    33 |   157 ||   190
Dodge: Dodged            |    79 |    42 |   111 ||   232
